 Dungeon Sprint DCSS version 0.30-a0-4-ga7cffc901d (webtiles) character file.

Game seed: 7209973359707994035

2 mhtbhm the Sneak (level 1, -3/11 HPs)
             Began as a Spriggan Brigand on Aug 21, 2022.
             Slain by a human (8 damage)
             ... in the Dungeon (Sprint III: "The Ten Rune Challenge").
             The game lasted 00:00:14 (58 turns).

mhtbhm the Sneak (Spriggan Brigand)                   Turns: 58, Time: 00:00:15

Health: -3/11      AC:  3    Str:  7    XL:     1   Next: 33%
Magic:  2/2        EV: 16    Int: 12    God:
Gold:   27         SH:  0    Dex: 16    Spells: 0/0 levels left

rFire   . . .      SeeInvis +    a - +2 dagger
rCold   . . .      Faith    .    (no shield)
rNeg    . . .      Spirit   .    b - +0 robe
rPois   .          Reflect  .    (helmet restricted)
rElec   .          Harm     .    c - +0 cloak
rCorr   .          Rampage  .    (gloves unavailable)
Will    .....      NoTele   +    (boots unavailable)
Stlth   ++++......               (no amulet)
HPRegen 0.03/turn                (no ring)
MPRegen 0.08/turn                (no ring)

@: very quick
A: very small, no large weapons, unfitting armour, see invisible, speed 3
a: no special abilities


You were in the Dungeon.
You visited 1 branch You collected 27 gold pieces.

Inventory:

Hand Weapons
 a - a +2 dagger (weapon)
Missiles
 d - 6 poisoned darts (quivered)
Armour
 b - a +0 robe (worn)
 c - a +0 cloak (worn)
Scrolls
 k - a scroll of blinking
Potions
 f - a potion of curing
 g - a potion of heal wounds
 h - a potion of haste
 i - 2 potions of magic
 j - a potion of berserk rage


   Skills:
 + Level 1.8 Fighting
 + Level 2.1 Short Blades
 + Level 2.0 Throwing
 + Level 1.3 Dodging
 + Level 7.1 Stealth


You couldn't memorise any spells.
You didn't know any spells.
Your spell library was empty.

Dungeon Overview and Level Annotations

Branches:
Dungeon (1/1)

Altars:


Innate Abilities, Weirdness & Mutations

You are very small and have problems with some larger weapons.
You are too small for most types of armour.
You have supernaturally acute eyesight. (SInv)
You cover ground extremely quickly. (Speed+++)


Message History

The curare-tipped dart closely misses the human.
Unknown command.
Throw: dart (curare)
Press: ? - help, Q - select action, (/) - cycle Shift-Dir - straight line, f/p - human
Aim: a human (50% to hit)
You throw a curare-tipped dart. The curare-tipped dart hits the human.
The human is poisoned.
The human convulses.
The human seems to slow down.
The human is lightly wounded.
Throw: 9 darts (poison)
Press: ? - help, Q - select action Shift-Dir - straight line, f/p - human
Aim: a human (lightly wounded, very poisoned, slow, 50% to hit)
You throw a poisoned dart. The poisoned dart hits the human.
The human looks even sicker.
The human is lightly wounded.
Throw: 8 darts (poison)
Press: ? - help, Q - select action Shift-Dir - straight line, f/p - human
Aim: a human (lightly wounded, very poisoned, slow, 50% to hit)
You throw a poisoned dart. The poisoned dart hits the human.
The human looks as sick as possible!
The human is lightly wounded.
Throw: 7 darts (poison)
Press: ? - help, Q - select action Shift-Dir - straight line, f/p - human
Aim: a human (lightly wounded, extremely poisoned, slow, 50% to hit)
You throw a poisoned dart. The poisoned dart hits the human.
The human looks as sick as possible!
The human is lightly wounded.
The human barely misses you.
You closely miss the human.
The human is moderately wounded.
You barely miss the human.
The human is moderately wounded.
The human hits you.
You closely miss the human.
The human is heavily wounded.
You hit the human.
The human is heavily wounded.
The human hits you!
Ouch! That really hurt!
You die...

▓.....#....~.♣♣♣ .#
▓.....#...~~♣..♣♣.#
▓.....#..~~~~.....+
▓####'#..~≈≈~~~.♣.#
▓...†.#.~~≈~~~....#
▓.....#.~≈~~~.....#
▓.....#.~~~.......#
▓'#####...........#
▓...@p(.(.....(...#
▓▓▓▓▓▓▓▓▓▓▓▓▓▓▓▓▓▓▓


You could see a human (very poisoned, slow).

Vanquished Creatures
  4 rats (D)
4 creatures vanquished.

Notes
Turn   | Place    | Note
-------+----------+-------------------------------------------
     0 | D        | mhtbhm the Spriggan Brigand began the quest for the Orb.
     0 | D        | Reached XP level 1. HP: 10/10 MP: 2/2
     5 | D        | Reached skill level 6 in Stealth
    16 | D        | Reached skill level 7 in Stealth
    58 | D        | Slain by a human

Illustrated notes

Levels and vault maps discovered:
D:        dungeon_sprint_mu [sprint_mu_entry_forest, sprint_mu_temple_rooms,
          sprint_mu_d1_horrors, sprint_mu_d2_genie, sprint_mu_d3_branching,
          sprint_mu_orc_legion, sprint_mu_elf_gauntlet, sprint_mu_hive_nellie,
          sprint_mu_lair_fedhas, sprint_mu_vaults_butterflies,
          sprint_mu_slime_circle, sprint_mu_shoals_kraken,
          sprint_mu_snake_twists, sprint_mu_blade_basic, sprint_mu_crypt_lich,
          sprint_mu_tomb_spiral, sprint_mu_vestibule_basic,
          sprint_mu_gehenna_hellfire, sprint_mu_dis_giant,
          sprint_mu_tartarus_statrot, sprint_mu_cocytus_islands, sprint_mu_zot1]

Skill      XL: |  1 |
---------------+----+-----
Stealth        | 7 |  7.1
Fighting       | |  1.8
Short Blades   | |  2.1
Throwing       | |  2.0
Dodging        | |  1.3

Action                   || total
-------------------------++-------
Melee: Dagger            ||     9
Throw: Dart              ||     6
 Stab: Sleeping          ||     2
Dodge: Dodged            ||     1

Table legend: (Time is in decaauts)
 A = Elapsed time spent in this place.
 B = Non-inter-level travel time spent in this place.
 C = Inter-level travel time spent in this place.
 D = Time resting spent in this place.
 E = Time spent auto-exploring this place.
 F = Levels seen in this place.
 G = Mean time per level.
                   A        B        C        D        E       F      G
               +--------+--------+--------+--------+--------+-----+--------+
         Total |     40 |     40 |      0 |      0 |     10 |   1 |   40.0 |
       Dungeon |     40 |     40 |      0 |      0 |     10 |   1 |   40.0 |
               +--------+--------+--------+--------+--------+-----+--------+

Top non-repeatable levels by time:
       D: 40 daAuts
